 Dungeon Crawl Stone Soup version 0.29-a0-551-gffc1d7fb78 (webtiles) character file.

Game seed: 8666444617399449212

24 vulpzor the Caller (level 2, -1/15 HPs)
             Began as a Deep Elf Summoner on June 5, 2022.
             Succumbed to an adder's poison
             ... on level 2 of the Dungeon.
             The game lasted 00:11:45 (1167 turns).

vulpzor the Caller (Deep Elf Summoner)              Turns: 1167, Time: 00:11:45

Health: -1/15      AC:  3    Str:  5    XL:     2   Next: 79%
Magic:  1/8        EV: 13    Int: 19    God:
Gold:   75         SH:  0    Dex: 15    Spells: 2/8 levels left

rFire   . . .      SeeInvis .   d - +0 quick blade
rCold   . . .      Faith    .   (no shield)
rNeg    . . .      Spirit   .   a - +0 robe
rPois   .          Reflect  .   (no helmet)
rElec   .          Harm     .   (no cloak)
rCorr   .          Rampage  .   e - +0 pair of gloves
Will    .....                   (no boots)
Stlth   ++........              (no amulet)
HPRegen 0.05/turn               (no ring)
MPRegen 0.11/turn               (no ring)

@: lethally poisoned (-1 -> -12)
A: no striking features
a: no special abilities


You were on level 2 of the Dungeon.
You visited 1 branch of the dungeon, and saw 2 of its levels.

You collected 75 gold pieces.

Inventory:

Hand Weapons
 d - a +0 quick blade (weapon)
Missiles
 f - 6 poisoned darts
Armour
 a - a +0 robe (worn)
 e - a +0 pair of gloves (worn)
Potions
 b - a potion of magic
 c - a potion of mutation
 g - a potion of invisibility {unknown}


   Skills:
 + Level 2.8 Dodging
 + Level 2.4 Stealth
 + Level 3.7 Spellcasting
 + Level 4.8 Summonings


You had 2 spell levels left.
You knew the following spells:

 Your Spells              Type           Power      Damage    Failure   Level
a - Summon Small Mammal   Summ           88%        N/A       1%          1
b - Sandblast             Erth           6%         2d5       14%         1
c - Call Imp              Summ           22%        N/A       3%          2
d - Passwall              Tmut/Erth      2%         N/A       22%         2

Your spell library contained the following spells:

 Spells                   Type           Power      Damage    Failure   Level
 Necrotize                Necr           12%        1d4       14%         1
 Call Canine Familiar     Summ           22%        N/A       6%          3
 Summon Guardian Golem    Hex/Summ       12%        N/A       16%         3
 Stone Arrow              Conj/Erth      6%         3d7       38%         3
 Vampiric Draining        Necr           3%         2d6       38%         3
 Summon Lightning Spire   Summ/Air       12%        N/A       45%         4
 Agony                    Necr           3%         N/A       98%         5


Dungeon Overview and Level Annotations

Branches:
Dungeon (2/15)

Altars:


Message History

The adder attacks as you move away! The adder bites you.
Your crimson imp hits the adder.
The adder bites you.
You are poisoned.
The adder poisons you!
The adder completely misses your crimson imp.
The adder bites you but does no damage.
Your crimson imp closely misses the adder.
You feel sick. The adder bites your crimson imp.
Your crimson imp is poisoned.
The adder poisons your crimson imp!
The giant cockroach misses your crimson imp.
The adder closely misses your crimson imp.
Your crimson imp hits the adder.
Casting: Call Imp (safe; 3% risk of failure)
Confirm with . or Enter, or press ? or * to list all spells.
A beastly little devil appears in a puff of flame.
You feel sick.
Your crimson imp disappears in a puff of smoke!
The adder bites you.
You are lethally poisoned!
The adder poisons you!
The giant cockroach attacks as you move away!
The giant cockroach barely misses you.
You feel sick. The adder misses you.
Your crimson imp hits the adder.
The giant cockroach bites your crimson imp.
Unknown command.
You feel sick. The adder bites you.
* * * LOW HITPOINT WARNING * * *
You are more poisoned.
The adder poisons you!
The giant cockroach bites your crimson imp but does no damage.
Your crimson imp blinks!
The adder attacks as you move away! The adder closely misses you.
* * * LOW HITPOINT WARNING * * *
You feel sick.
Casting: Call Imp (safe; 3% risk of failure)
Confirm with . or Enter, or press ? or * to list all spells.
A beastly little devil appears in a puff of frigid air.
You die...

#≈≈#≈≈≈ ..# ≈
≈≈≈≈#§##.# ≈≈
≈≈≈≈≈≈#.#
#≈≈≈≈≈≈≈≈≈.#
#≈≈#≈#≈##.#
#≈≈≈≈≈ #§§# .
#≈≈≈##..#
....####5S.§#
.......@SB..#
.......######
#######


You could see 2 adders, a giant cockroach (ally target) and a friendly white imp
(summoned).

Vanquished Creatures
  2 bats (D:1)
  A kobold (D:1)
3 creatures vanquished.

Vanquished Creatures (collateral kills)
  A bat (D:1)
  An endoplasm (D:1)
  A giant cockroach (D:1)
  5 hobgoblins (D:1)
  2 jackals (D:1)
  2 ball pythons (D:1)
  3 frilled lizards (D:1)
  A kobold (D:1)
  2 rats (D:1)
18 creatures vanquished.

Grand Total: 21 creatures vanquished

Notes
Turn   | Place    | Note
-------+----------+-------------------------------------------
     0 | D:1      | vulpzor the Deep Elf Summoner began the quest for the Orb.
     0 | D:1      | Reached XP level 1. HP: 10/10 MP: 6/6
    98 | D:1      | Learned a level 1 spell: Sandblast
   327 | D:1      | Reached XP level 2. HP: 7/15 MP: 5/8
   791 | D:1      | Learned a level 2 spell: Call Imp
   794 | D:1      | Learned a level 2 spell: Passwall
  1167 | D:2      | Succumbed to an adder's poison

Illustrated notes

Levels and vault maps discovered:
D:1:      dpeg_arrival_round_a, layout_basic, amcnicky_mini_corridor_feature
D:2:      minmay_chambers_of_ones, layout_loops_cross, minivault_4,
          uniq_crazy_yiuf_cottage, uniq_jessica

Action                   || total
-------------------------++-------
Melee: Unarmed           ||     4
       Quick blade       ||    16
       Punch             ||     1
 Cast: Summon Small Mamm ||    25
       Call Imp          ||     9
  Use: Potion            ||     1
       Scroll            ||     1
Armor: Robe              ||    23
Dodge: Dodged            ||    79

Table legend: (Time is in decaauts)
 A = Elapsed time spent in this place.
 B = Non-inter-level travel time spent in this place.
 C = Inter-level travel time spent in this place.
 D = Time resting spent in this place.
 E = Time spent auto-exploring this place.
 F = Levels seen in this place.
 G = Mean time per level.
                   A        B        C        D        E       F      G
               +--------+--------+--------+--------+--------+-----+--------+
         Total |   1161 |   1161 |      0 |     61 |    156 |   2 |  580.5 |
       Dungeon |   1161 |   1161 |      0 |     61 |    156 |   2 |  580.5 |
               +--------+--------+--------+--------+--------+-----+--------+

Top non-repeatable levels by time:
     D:1: 1145 daAuts
     D:2: 15 daAuts
